 Dungeon Crawl Stone Soup version 0.18.1-5-g4a78601 (webtiles) character file.

276630 HungrySpirit the Phalangite (level 20, -3/163 HPs)
             Began as a Merfolk Fire Elementalist on May 10, 2016.
             Was the Champion of Zin.
             Slain by a deep troll (10 damage)
             ... on level 2 of the Vaults.
             The game lasted 02:12:24 (54322 turns).

HungrySpirit the Phalangite (MfFE)                 Turns: 54322, Time: 02:12:25

Health: -3/163     AC: 13    Str: 18    XL:     20   Next: 37%
Magic:  31/31      EV: 30    Int: 17    God:    Zin [******]
Gold:   2306       SH:  0    Dex: 22    Spells: 3 memorised, 18 levels left

rFire  . . .     SeeInvis .     d - +10 halberd of Royalism {chop, Str+5}
rCold  . . .     Gourm    .     V - +4 ring mail "Iwniedd" {Regen+}
rNeg   + . .     Faith    .     (shield currently unavailable)
rPois  +         Spirit   .     u - +0 hat {MR+}
rElec  +         Dismiss  .     p - +0 cloak {+Inv}
rCorr  +         Reflect  .     (no gloves)
SustAt .         Harm     .     P - +2 pair of boots "Mulixtos" {rElec rN+ Stlth-}
MR     ++...                    s - amulet of regeneration
Stlth  +.........               l - ring "Jethryj" {rCorr Str+4 Int+2 Slay+6}
                                Y - ring of poison resistance

@: about to teleport, slowed, very slow, very resistant to hostile enchantments,
very unstealthy
A: change form in water, swift swim
a: Recite, Vitalisation, Imprison, Sanctuary, Donate Gold, Cure All Mutations,
Renounce Religion, Evoke Invisibility
}: 2/15 runes: decaying, gossamer


You were on level 2 of the Vaults.
You worshipped Zin.
Zin was exalted by your worship.
You were full.

You visited 6 branches of the dungeon, and saw 35 of its levels.
You also visited: Labyrinth and Trove.

You collected 5287 gold pieces.
You spent 2795 gold pieces at shops.
You donated 186 gold pieces to Zin.

Inventory:

Hand Weapons
 d - the +10 halberd of Royalism (weapon) {chop, Str+5}
   (You took it off a merfolk on level 11 of the Dungeon)

   It inflicts extra damage upon your enemies.
   It affects your strength (+5).
 h - the +3 spear of Karosh {pierce, rN++}
   (You found it in a treasure trove)

   It inflicts extra damage upon your enemies.
   It greatly protects you from negative energy.
Armour
 p - a +0 cloak of invisibility (worn)
 u - a +0 hat of magic resistance (worn)
 P - the +2 pair of boots "Mulixtos" (worn) {rElec rN+ Stlth-}
   (You found it in a treasure trove)

   It insulates you from electricity.
   It protects you from negative energy.
   It makes you less stealthy.
 V - the +4 ring mail "Iwniedd" (worn) {Regen+}
   (You found it on level 8 of the Lair of Beasts)

   It increases your rate of regeneration.
Jewellery
 l - the ring "Jethryj" (right hand) {rCorr Str+4 Int+2 Slay+6}
   (You found it in a treasure trove)

   [ring of resist corrosion]

   It affects your strength (+4).
   It affects your intelligence (+2).
   It affects your accuracy and damage with ranged weapons and melee attacks
   (+6).
 r - the ring "Ireim" {rElec Str+2 Slay+3}
   (You found it on level 1 of the Spider Nest)

   [ring of slaying]

   It affects your strength (+2).
   It affects your accuracy and damage with ranged weapons and melee attacks
   (+3).
   It insulates you from electricity.
 s - an amulet of regeneration (around neck)
 w - the ring of Umeruceum {-Tele rF+ MR+ Int+3 Stlth+}
   (You found it in a labyrinth)

   [ring of intelligence]

   It affects your intelligence (+3).
   It protects you from fire.
   It affects your resistance to hostile enchantments.
   It prevents most forms of teleportation.
   It makes you more stealthy.
 x - an uncursed ring of protection from fire
 Y - a ring of poison resistance (left hand)
Wands
 a - a wand of teleportation (8/9)
 t - a wand of iceblast (6/15)
 J - a wand of digging (12/24)
 S - a wand of disintegration (14/24)
Scrolls
 f - 2 scrolls of enchant weapon
 g - 2 scrolls of immolation
 j - 18 scrolls of remove curse
 m - a scroll of holy word {unknown}
 o - 3 scrolls of magic mapping
 v - 7 scrolls of identify
 y - 3 scrolls of fog
 z - 2 scrolls of recharging
 B - 3 scrolls of enchant armour
 H - 2 scrolls of fear
 K - a scroll of acquirement
 O - 3 scrolls of teleportation
Potions
 n - 6 potions of flight
 A - 3 potions of curing
 C - 6 potions of ambrosia
 D - 3 potions of invisibility
 F - 7 potions of brilliance
 G - 2 potions of magic
 I - a potion of resistance
 L - a potion of might
 M - a potion of agility
 U - a potion of cancellation {unknown}
Books
 b - a book of Flames

   Spells                             Type                      Level
   a - Flame Tongue                   Conjuration/Fire             1
   b - Throw Flame                    Conjuration/Fire             2
   c - Conjure Flame                  Conjuration/Fire             3
   d - Inner Flame                    Hexes/Fire                   3
   e - Sticky Flame                   Conjuration/Fire             4
   f - Fireball                       Conjuration/Fire             5
 i - a book of Battle

   Spells                             Type                      Level
   a - Infusion                       Charms                       1
   b - Shroud of Golubria             Charms/Translocation         2
   c - Song of Slaying                Charms                       2
   d - Spectral Weapon                Hexes/Charms                 3
   e - Regeneration                   Charms/Necromancy            3
 E - a book of Spatial Translocations

   Spells                             Type                      Level
   a - Apportation                    Translocation                1
   b - Blink                          Translocation                2
   c - Shroud of Golubria             Charms/Translocation         2
   d - Portal Projectile              Translocation                3
   e - Teleport Other                 Translocation                3
   f - Passage of Golubria            Translocation                4
 R - a book of the Sky

   Spells                             Type                      Level
   a - Summon Lightning Spire         Summoning/Air                4
   b - Airstrike                      Air                          4
   c - Silence                        Hexes/Air                    5
   d - Deflect Missiles               Charms/Air                   6
   e - Conjure Ball Lightning         Conjuration/Air              6
   f - Tornado                        Air                          9
Miscellaneous
 e - a stone of tremors
 q - a fan of gales
 N - a sack of spiders {used: 3}
 X - a phial of floods
Comestibles
 c - 20 bread rations
 k - 18 meat rations
 T - 5 royal jellies


   Skills:
 + Level 15.5 Fighting
   Level 2.1 Short Blades
 - Level 24.2 Polearms
 * Level 1.1 Armour
 + Level 20.1 Dodging
 - Level 2.1 Stealth
 - Level 2.0 Spellcasting
 - Level 0.7 Conjurations
 - Level 9.7 Translocations
 - Level 2.1 Fire Magic
 - Level 10.7 Invocations
 + Level 15.6 Evocations


You had 18 spell levels left.
You knew the following spells:

 Your Spells              Type           Power        Failure   Level  Hunger
a - Flame Tongue          Conj/Fire      #....        24%         1    #......
b - Blink                 Tloc           N/A          1%          2    ###....
c - Shroud of Golubria    Chrm/Tloc      ###.......   10%         2    ###....


Dungeon Overview and Level Annotations

Branches:
Dungeon (15/15)            Temple (0/1) D:5            Lair (8/8) D:11
  Swamp (4/4) Lair:3       Spider (4/4) Lair:3        Slime (0/6) Lair:7
    Orc (2/2) D:9             Elf (0/3) Orc:2        Vaults (2/5) D:14
  Crypt: Vaults:2-3  Depths: D:15

Altars:
Ashenzari
Cheibriados
Fedhas
Qazlal
Ru
Sif Muna
Vehumet
Yredelemnul
Zin
Beogh
Jiyva

Shops:
D:7 *   Orc:2 ([:*

Annotations:
D:8 exclusion: statue
D:13 exclusion: door


Message History

The ettin completely misses you. The ettin misses you.
A deep troll comes into view.
Read which item? (? for menu, Esc to quit)
As you read the scroll of teleportation, it crumbles to dust.
You feel strangely unstable.
The deep troll bites you but does no damage.
The deep troll completely misses you. The deep troll claws you.
* * * LOW HITPOINT WARNING * * *
The ettin misses you. The ettin hits you with a dire flail!!
* * * LOW HITPOINT WARNING * * *
The deep troll completely misses you. x2; The deep troll closely misses you.
The ettin completely misses you. x2
Read which item? (? for menu, Esc to quit)
Okay, then.
Drink which item? (? for menu, Esc to quit)
Okay, then.
The deep troll bites you!
* * * LOW HITPOINT WARNING * * *
The deep troll misses you. The deep troll claws you!
You die...

#.#.......#.......#........
#.#..[....#.......#........
#.#.......#.......#........
#.#.......'.......#........
#.#.......#.......#........
#.#.......#.......#........
#######.# #.......#########
........#########.......)........
........)...T.HT@........).......
......).)......C.."..............
#######'#########################
#######..##############
.........C.)..........#
...H..................#
##'##########C######### #####
......G... ....C #....
.................+ ###..


You could see a sphinx, an ettin and 2 deep trolls.

Vanquished Creatures
  Arachne (Spider:4)
  A lich (Vaults:1)
  Rupert (Spider:1)
  Asterion (Lair:3)
  3 thorn hunters (Swamp:3)
  Frances (D:13)
  Agnes (Spider:4)
  A storm dragon (Vaults:2)
  2 fire giants (Vaults:2)
  4 vault wardens
  3 orc warlords
  5 ghost moths
  Aizul (Vaults:1)
  Louise (Swamp:4)
  8 emperor scorpions
  4 ironheart preservers
  A war gargoyle (Vaults:2)
  The ghost of CcS the Severer, a journeyman NaBe of Trog (Lair:4)
  A very ugly thing (Swamp:3)
  A purple draconian (Vaults:2)
  An ettin (Vaults:2)
  A minotaur (Lab)
  6 vault guards (Vaults:2)
  3 yaktaur captains
  3 fire dragons
  28 hydras
  2 entropy weavers
  A ghost crab (Swamp:2)
  Erica (Lair:1)
  5 centaur warriors
  A dancing weapon (Vaults:2)
  13 alligators
  4 ogre magi
  A death knight (Vaults:1)
  A queen ant (Lair:7)
  A deep troll earth mage (Vaults:2)
  A tengu warrior (D:14)
  Urug (Orc:1)
  An orc high priest (Orc:2)
  Sonja (D:11)
  8 deep trolls (Vaults:2)
  A skeletal warrior (Vaults:1)
  A fire crab (Lair:7)
  3 spriggan druids
  3 unseen horrors
  A flayed ghost (Vaults:1)
  A wizard (D:13)
  A phantasmal warrior (Vaults:2)
  6 ironbrand convokers
  Pikel (D:4)
  6 hill giants
  14 swamp dragons
  3 shambling mangroves
  2 lindwurms (Lair:8)
  30 orb spiders
  2 necromancers
  40 wolf spiders
  2 hornets
  10 orc knights
  16 ugly things
  3 manticores
  7 orc sorcerers
  3 griffons
  10 cyclopes
  Maurice (D:9)
  2 moths of wrath (Spider:4)
  Joseph (D:7)
  5 black mambas
  5 vault sentinels
  6 torpor snails (Lair:8)
  A gargoyle (D:13)
  20 spiny frogs
  13 demonic crawlers
  9 komodo dragons
  5 rime drakes
  2 tengu conjurers (D:13)
  4 freezing wraiths
  16 yaktaurs
  11 trolls
  30 jumping spiders
  A yaktaur skeleton (Vaults:1)
  A merfolk (D:11)
  9 giant leeches
  A queen bee (Spider:4)
  4 two-headed ogres
  10 polar bears
  Prince Ribbit (D:6)
  47 slime creatures
  4 bog bodies
  5 raiju (Lair:8)
  20 blink frogs
  A boulder beetle (Lair:8)
  70 redbacks
  Sigmund (D:3)
  A centaur simulacrum (D:14)
  5 shadows
  26 tarantellas
  74 yaks
  2 vampires
  A steam dragon (D:11)
  Grum (D:9)
  4 wraiths
  6 spriggans
  A wyvern (D:11)
  8 hungry ghosts
  2 human simulacra (Vaults:1)
  2 basilisks
  15 hippogriffs
  37 vampire mosquitoes
  Edmund (D:6)
  20 wargs
  2 mottled dragons
  21 swamp worms
  Menkaure (D:6)
  14 soldier ants (Lair:7)
  8 water moccasins
  A swamp worm (shapeshifter) (Vaults:2)
  14 swamp drakes
  A giant eyeball (shapeshifter) (Vaults:2)
  3 hell hounds (Lair:8)
  45 orc warriors
  18 porcupines
  13 black bears (Lair:8)
  A black bear (shapeshifter) (Vaults:1)
  12 ice beasts
  3 slaves (D:5)
  15 wasps
  3 phantoms
  5 sky beasts
  25 ogres
  An eye of draining (D:13)
  36 wolves
  9 centaurs
  15 crocodiles
  A big kobold (D:9)
  2 elf zombies
  19 giant frogs
  An elf skeleton (D:12)
  5 scorpions
  A troll zombie (D:12)
  26 killer bees
  A wight (D:12)
  A spriggan skeleton (Lab)
  2 electric eels
  3 troll skeletons (Lab)
  2 howler monkeys
  A lava snake (Lair:5)
  6 crimson imps
  A wasp zombie (D:8)
  2 centaur zombies
  4 giant frog zombies
  A quasit (D:10)
  4 jellies
  2 centaur skeletons
  A human zombie (D:12)
  21 orc priests
  A giant frog skeleton (D:13)
  19 hounds
  A gnoll shaman (D:8)
  Terence (D:3)
  8 iguanas
  33 orc wizards
  46 worker ants
  26 sheep
  An ogre zombie (D:12)
  3 mummies (D:12)
  3 hound zombies
  2 hound skeletons
  6 gnolls
  13 adders
  74 river rats
  2 shadow imps
  21 worms
  2 dart slugs
  5 giant geckos
  106 orcs
  2 giant cockroaches
  8 goblins
  9 hobgoblins
  15 jackals
  16 kobolds
  6 quokkas
  A ball python (D:2)
  6 bats
  A giant gecko zombie (D:8)
  10 giant newts
  An orc skeleton (D:12)
  5 rats
  2 briar patches (Swamp:3)
  A fungus (Lair:6)
  2 plants (Lair:8)
1635 creatures vanquished.

Vanquished Creatures (others)
  An orb spider (Spider:1)
  A redback (Spider:1)
  A briar patch (Swamp:3)
  A bush (D:11)
  26 fungi
  34 plants
64 creatures vanquished.

Grand Total: 1699 creatures vanquished

Notes
Turn   | Place    | Note
--------------------------------------------------------------
     0 | D:1      | HungrySpirit the Merfolk Fire Elementalist began the quest for the Orb.
     0 | D:1      | Reached XP level 1. HP: 13/13 MP: 3/3
   201 | D:1      | Reached skill level 1 in Fighting
   205 | D:1      | Reached XP level 2. HP: 21/21 MP: 1/5
  1014 | D:2      | Reached XP level 3. HP: 25/27 MP: 2/6
  1323 | D:2      | Found a faded altar to an unknown god.
  1336 | D:2      | Became a worshipper of Zin the Law-Giver
  1336 | D:2      | Reached * piety under Zin
  1611 | D:2      | Reached XP level 4. HP: 24/34 MP: 7/7
  2489 | D:3      | Noticed Terence
  2519 | D:3      | Killed Terence
  2519 | D:3      | Reached skill level 1 in Short Blades
  2519 | D:3      | Reached XP level 5. HP: 30/41 MP: 8/8
  3058 | D:3      | Reached skill level 5 in Dodging
  3495 | D:3      | Found a snail-covered altar of Cheibriados.
  3669 | D:3      | Reached ** piety under Zin
  3894 | D:3      | Noticed Sigmund
  3910 | D:3      | Found a deep blue altar of Sif Muna.
  3951 | D:3      | Killed Sigmund
  3951 | D:3      | Reached skill level 3 in Polearms
  3951 | D:3      | Reached XP level 6. HP: 33/48 MP: 9/9
  4080 | D:3      | Reached skill level 4 in Polearms
  4080 | D:3      | Reached XP level 7. HP: 37/55 MP: 10/10
  4551 | D:4      | Reached *** piety under Zin
  4990 | D:4      | Reached skill level 5 in Polearms
  5080 | D:4      | Reached skill level 1 in Invocations
  5205 | D:4      | Found a blossoming altar of Fedhas.
  5213 | D:4      | Reached skill level 5 in Fighting
  5497 | D:4      | Reached skill level 6 in Polearms
  5509 | D:4      | Reached XP level 8. HP: 14/62 MP: 11/11
  5803 | D:4      | Reached skill level 7 in Polearms
  6224 | D:5      | Entered Level 5 of the Dungeon
  6377 | D:5      | Found a sacrificial altar of Ru.
  6548 | D:5      | Noticed Pikel
  6557 | D:5      | Reached skill level 8 in Polearms
  7203 | D:4      | Killed Pikel
  7203 | D:4      | Reached skill level 9 in Polearms
  7203 | D:4      | Reached XP level 9. HP: 16/71 MP: 12/12
  7750 | D:5      | Found a staircase to the Ecumenical Temple.
  7807 | D:6      | Noticed Menkaure
  7869 | D:6      | Killed Menkaure
  7869 | D:6      | Reached skill level 10 in Polearms
  8025 | D:6      | You fall through a shaft for 3 floors!
  8364 | D:7      | Reached skill level 5 in Invocations
  8969 | D:7      | Found a shattered altar of Ashenzari.
  9085 | D:7      | Noticed Joseph
  9125 | D:7      | Killed Joseph
  9125 | D:7      | Reached skill level 11 in Polearms
  9771 | D:6      | Reached skill level 12 in Polearms
 10019 | D:6      | Noticed Edmund
 10050 | D:6      | Killed Edmund
 10050 | D:6      | Reached XP level 10. HP: 72/80 MP: 14/14
 10469 | D:6      | Noticed Prince Ribbit
 10486 | D:6      | Killed Prince Ribbit
 10966 | D:7      | Reached skill level 13 in Polearms
 10979 | D:7      | Learned a level 2 spell: Blink
 11061 | D:7      | Found Zin's Purification Station.
 11063 | D:7      | Found a glowing silver altar of Zin.
 11087 | D:7      | Reached **** piety under Zin
 11891 | D:8      | Found a stormy altar of Qazlal.
 11892 | D:8      | Found a basalt altar of Yredelemnul.
 12482 | D:8      | Reached skill level 14 in Polearms
 12486 | D:8      | Found a radiant altar of Vehumet.
 12949 | D:9      | Learned a level 1 spell: Corona
 12952 | D:9      | Found a staircase to the Orcish Mines.
 13045 | D:9      | Noticed Grum
 13058 | D:9      | Killed Grum
 13240 | D:9      | Noticed Maurice
 13256 | D:9      | Killed Maurice
 13368 | D:9      | Reached ***** piety under Zin
 13402 | D:9      | Reached skill level 1 in Evocations
 13402 | D:9      | Reached XP level 11. HP: 86/89 MP: 16/16
 13437 | D:9      | Reached skill level 15 in Polearms
 13468 | D:9      | Noticed an ogre mage
 13469 | D:9      | Noticed a centaur warrior
 13666 | D:10     | Entered Level 10 of the Dungeon
 13728 | D:10     | Noticed a hill giant
 13755 | D:10     | Killed a hill giant
 14871 | D:11     | Noticed Sonja
 14903 | D:11     | Killed Sonja
 14911 | D:11     | Reached skill level 16 in Polearms
 15188 | D:11     | Noticed a six-headed hydra
 15570 | Orc:1    | Entered Level 1 of the Orcish Mines
 15930 | Orc:1    | Found a roughly hewn altar of Beogh.
 15940 | Orc:1    | Noticed an orc sorcerer
 15942 | Orc:1    | Noticed an orc warlord
 16153 | D:9      | Killed a centaur warrior
 16338 | D:9      | Killed an ogre mage
 17331 | D:11     | Reached skill level 17 in Polearms
 17547 | D:11     | Noticed a green ugly thing
 17649 | D:11     | Killed a green ugly thing
 17649 | D:11     | Reached XP level 12. HP: 88/96 MP: 17/17
 17980 | D:11     | Got an ancient halberd {chop}
 18129 | D:11     | Reached skill level 5 in Evocations
 18208 | D:11     | Identified the +10 halberd of Royalism {chop, Str+5} (You took it off a merfolk on level 11 of the Dungeon)
 18474 | D:11     | Found a staircase to the Lair.
 18561 | D:11     | Reached skill level 18 in Polearms
 18567 | D:11     | Reached skill level 10 in Dodging
 19307 | Lair:1   | Entered Level 1 of the Lair of Beasts
 19309 | Lair:1   | Noticed Erica
 19325 | Lair:1   | Killed Erica
 19602 | Lair:1   | Reached ****** piety under Zin
 19617 | Lair:1   | Identified a scroll of acquirement
 20121 | Lair:1   | Reached skill level 19 in Polearms
 20397 | Lair:2   | Reached XP level 13. HP: 99/101 MP: 18/18
 21375 | Lair:3   | Found a hole to the Spider Nest.
 21852 | Lair:3   | Found a staircase to the Swamp.
 23352 | Lair:4   | Reached skill level 20 in Polearms
 23353 | Lair:4   | Noticed CcS's ghost (journeyman NaBe)
 23434 | Lair:4   | Killed CcS's ghost
 24746 | Lair:5   | Got a distressingly furry plate armour
 24747 | Lair:5   | Identified the +0 plate armour of Ydalenevog {rCorr Str+5} (You found it on level 5 of the Lair of Beasts)
 25403 | Lair:6   | Reached skill level 21 in Polearms
 25732 | Lair:6   | Reached XP level 14. HP: 108/108 MP: 20/20
 28037 | Lair:7   | Found a viscous altar of Jiyva.
 28038 | Lair:7   | Found a staircase to the Slime Pits.
 28044 | Lair:7   | Reached skill level 22 in Polearms
 28443 | Lair:8   | Entered Level 8 of the Lair of Beasts
 28728 | Lair:8   | Reached skill level 10 in Evocations
 29751 | Lair:8   | Got a warped ring mail
 29761 | Lair:8   | Identified the +4 ring mail "Iwniedd" {Regen+} (You found it on level 8 of the Lair of Beasts)
 29814 | Lair:8   | Found a runed door.
 29845 | Lair:8   | Reached XP level 15. HP: 114/114 MP: 20/22
 30213 | Lair:8   | Reached skill level 23 in Polearms
 31156 | Orc:1    | Killed an orc warlord
 31331 | Orc:1    | Noticed Urug
 31375 | Orc:1    | Killed Urug
 31375 | Orc:1    | Reached skill level 15 in Dodging
 31526 | Orc:1    | Noticed an orc warlord
 31539 | Orc:1    | Killed an orc warlord
 31767 | Orc:2    | Entered Level 2 of the Orcish Mines
 31767 | Orc:2    | Found Popuin's General Store.
 31862 | Orc:2    | Bought an uncursed ring of protection from fire for 325 gold pieces
 32250 | Orc:2    | Found a staircase to the Elven Halls.
 32406 | Orc:2    | Found Xibuh's Book Boutique.
 32430 | Orc:2    | Found Kehechiedo's Antique Armour Emporium.
 32455 | Orc:2    | Bought a pair of runed boots for 112 gold pieces
 32478 | Orc:2    | Bought a runed leather armour for 50 gold pieces
 32693 | Orc:2    | Noticed an orc warlord
 32696 | Orc:2    | Found Jetopuq's Antique Weapon Emporium.
 32921 | Orc:2    | Killed an orc warlord
 32941 | Orc:2    | Paralysed by an orc sorcerer for 5 turns
 33266 | Orc:2    | Bought a slimy bardiche for 392 gold pieces
 33266 | Orc:2    | Identified the cursed +0 bardiche of Anguish {freeze, Str+5} (You bought it in a shop on level 2 of the Orcish Mines)
 33392 | Orc:2    | Bought a book of Battle for 480 gold pieces
 33397 | Orc:2    | Learned a level 2 spell: Shroud of Golubria
 33416 | Orc:2    | Bought a shiny chain mail for 112 gold pieces
 33439 | Orc:2    | Reached skill level 10 in Fighting
 33662 | Spider:1 | Entered Level 1 of the Spider Nest
 33706 | Spider:1 | Noticed Asterion
 33937 | Lair:3   | Killed Asterion
 34285 | Spider:1 | Reached XP level 16. HP: 66/123 MP: 24/24
 35218 | D:12     | Found a labyrinth entrance.
 35231 | Lab      | Entered a labyrinth
 35453 | Lab      | Got a pitted pewter ring
 35454 | Lab      | Identified the ring of Umeruceum {-Tele rF+ MR+ Int+3 Stlth+} (You found it in a labyrinth)
 37823 | D:12     | Found a basalt altar of Yredelemnul.
 37962 | D:13     | Noticed Frances
 37978 | D:13     | Killed Frances
 38921 | D:14     | Got a heavily runed cloak
 38922 | D:14     | Identified the +0 cloak of the Turtle {Regen+ Str+5 Dex-3 Slay-4} (You acquired it on level 14 of the Dungeon)
 39128 | D:14     | Found a gate to the Vaults.
 39359 | D:14     | Found a portal to a secret trove of treasure.
 39606 | Orc:2    | Bought an Akashic Record for 1324 gold pieces
 39882 | D:14     | You paid a toll of Akashic Record to enter a treasure trove
 39883 | Trove    | Entered a treasure trove
 39896 | Trove    | Got a pair of distressingly furry boots
 39907 | Trove    | Identified the +2 pair of boots "Mulixtos" {rElec rN+ Stlth-} (You found it in a treasure trove)
 39927 | Trove    | Got a transparent platinum ring
 39929 | Trove    | Identified the ring "Jethryj" {rCorr Str+4 Int+2 Slay+6} (You found it in a treasure trove)
 39940 | Trove    | Got a dazzling spear
 39941 | Trove    | Identified the cursed +3 spear of Karosh {pierce, rN++} (You found it in a treasure trove)
 40201 | D:15     | Entered Level 15 of the Dungeon
 40379 | Swamp:1  | Entered Level 1 of the Swamp
 41039 | Swamp:1  | Got a dazzling glaive
 41040 | Swamp:1  | Identified the +7 glaive of Jol Kud {drain, Str+4} (You found it on level 1 of the Swamp)
 41095 | Swamp:1  | Reached skill level 10 in Invocations
 41575 | Swamp:2  | Reached XP level 17. HP: 80/133 MP: 26/26
 43609 | Swamp:4  | Entered Level 4 of the Swamp
 43747 | Swamp:4  | Noticed Louise
 43762 | Swamp:4  | Killed Louise
 44251 | Swamp:4  | Reached skill level 24 in Polearms
 44806 | Swamp:4  | Got a decaying rune of Zot
 44886 | Swamp:4  | Reached XP level 18. HP: 144/144 MP: 28/28
 45283 | Spider:1 | Reached skill level 1 in Translocations
 45340 | Spider:1 | Noticed Rupert
 45368 | Spider:1 | Killed Rupert
 45390 | Spider:1 | Got a clouded amber ring
 45553 | Spider:1 | Identified the ring "Ireim" {rElec Str+2 Slay+3} (You found it on level 1 of the Spider Nest)
 47808 | Spider:4 | Entered Level 4 of the Spider Nest
 47816 | Spider:4 | Noticed Agnes
 47833 | Spider:4 | Killed Agnes
 47916 | Spider:4 | Reached skill level 5 in Translocations
 48638 | Spider:4 | Noticed Arachne
 48857 | Spider:4 | Killed Arachne
 49257 | Spider:4 | Reached XP level 19. HP: 153/153 MP: 29/29
 50246 | Spider:4 | Got a gossamer rune of Zot
 50563 | Vaults:1 | Entered Level 1 of the Vaults
 51150 | Vaults:1 | Noticed Aizul
 51151 | Vaults:1 | Reached skill level 15 in Evocations
 51445 | Vaults:1 | Killed Aizul
 51617 | Vaults:1 | Noticed a lich
 51992 | Vaults:1 | Reached skill level 15 in Fighting
 52329 | Vaults:1 | Killed a lich
 52978 | Vaults:2 | Reached XP level 20. HP: 76/162 MP: 31/31
 54314 | Vaults:2 | Reached skill level 1 in Armour
 54322 | Vaults:2 | HP: 7/163 [deep troll (12)]
 54322 | Vaults:2 | Slain by a deep troll

Skill      XL: |  1  2  3  4  5  6  7  8  9 10 11 12 13 14 15 16 17 18 19 20 |
---------------+-------------------------------------------------------------+-----
Dodging        | 3 4 5 6 9 11 12 14 15 17 18 19 20 | 20.1
Fighting       | 1 2 3 4 5 6 7 9 10 11 13 14 15 | 15.5
Short Blades   | 1 2 |  2.1
Polearms       | 3 4 6 9 12 14 17 19 21 22 23 24 | 24.2
Invocations    | 2 4 6 8 10 | 10.7
Evocations     | 1 4 7 9 10 11 12 13 14 15 | 15.6
Translocations | 6 9 |  9.7
Armour         | 1 |  1.1
Stealth        | |  2.1
Spellcasting   | |  2.0
Conjurations   | |  0.7
Fire Magic     | |  2.1

Action                   |  1- 3 |  4- 6 |  7- 9 | 10-12 | 13-15 | 16-18 | 19-21 || total
-------------------------+-------+-------+-------+-------+-------+-------+-------++-------
Melee: Mace              |    72 |    23 |       |       |       |       |       ||    95
       Unarmed           |    15 |       |       |       |       |       |       ||    15
       Short sword       |       |   128 |   465 |    46 |    20 |       |       ||   659
       Trident           |       |       |    45 |   848 |       |       |       ||   893
       Halberd           |       |       |       |   200 |  1681 |  1551 |   785 ||  4217
       Tailslap          |       |       |       |     1 |     1 |    80 |       ||    82
       Spear             |       |       |       |       |       |   236 |       ||   236
 Fire: Blowgun           |       |       |     2 |       |       |       |       ||     2
Throw: Stone             |     5 |       |       |       |       |       |       ||     5
       Throwing net      |       |       |       |       |       |     2 |       ||     2
 Cast: Flame Tongue      |    26 |    18 |       |       |       |       |       ||    44
Invok: Recite            |       |       |     3 |       |       |       |     1 ||     4
 Abil: Evoke Invisibilit |       |       |       |    19 |    19 |    27 |     3 ||    68
Evoke: Wand              |       |       |       |     7 |    17 |     1 |       ||    25
       Sack of spiders   |       |       |       |       |     4 |       |       ||     4
  Use: Potion            |       |     5 |     3 |     3 |     1 |     9 |     7 ||    28
       Scroll            |       |       |    12 |    18 |    16 |    16 |     6 ||    68
 Stab: Sleeping          |     5 |     1 |     5 |    10 |    13 |    19 |       ||    53
       Distracted        |       |     1 |       |     6 |     9 |    10 |     2 ||    28
       Invisible         |       |       |       |    82 |    76 |   131 |    24 ||   313
       Held in net/web   |       |       |       |       |     1 |     3 |       ||     4
       Fleeing           |       |       |       |       |       |       |     1 ||     1
  Eat: Chunk             |     6 |    13 |    21 |    40 |    54 |    20 |       ||   154
       Fruit             |       |       |       |     2 |       |    20 |     6 ||    28
       Beef jerky        |       |       |       |     2 |       |     3 |       ||     5
       Meat ration       |       |       |       |     1 |       |       |       ||     1
       Bread ration      |       |       |       |       |       |     1 |       ||     1
       Royal jelly       |       |       |       |       |       |     6 |     8 ||    14
       Pizza             |       |       |       |       |       |     2 |     1 ||     3
Armor: Robe              |    32 |    34 |    57 |    83 |       |       |       ||   206
       Scale mail        |       |     7 |       |       |       |       |       ||     7
       Leather armour    |       |       |    46 |       |       |       |       ||    46
       Ring mail         |       |       |       |    49 |   178 |   258 |    96 ||   581
Dodge: Dodged            |   104 |    95 |   345 |   490 |  1102 |  1653 |   782 ||  4571
